 Dungeon Crawl Stone Soup version 0.26-b1-57-gb162d0664a (webtiles) character file.

Game seed: 4255281151397716086

39 Gauvater the Sneak (level 3, -2/24 HPs)
             Began as an Octopode Brigand on Jan 8, 2021.
             Slain by a hound (3 damage)
             ... on level 4 of the Dungeon.
             The game lasted 00:06:13 (1283 turns).

Gauvater the Sneak (Octopode Brigand)               Turns: 1283, Time: 00:06:14

Health: -2/24      AC:  1    Str: 11    XL:     3   Next: 45%
Magic:  3/3        EV: 13    Int: 13    God:
Gold:   79         SH:  0    Dex: 13    Spells: 2/2 levels left

rFire    . . .     SeeInvis +   a - +2 dagger
rCold    . . .     Faith    .   (no shield)
rNeg     . . .     Spirit   .   (helmet restricted)
rPois    .         Reflect  .   (no amulet)
rElec    .         Harm     .   f - ring of see invisible
rCorr    .         Rampage  .   (no ring)
Will     .....                  (no ring)
Stlth    ++........             (no ring)
HPRegen  0.08/turn              (no ring)
MPRegen  0.08/turn              (no ring)
                                (no ring)
                                (no ring)

@: confused, lethally poisoned (-2 -> -12)
A: almost no armour, stealthy swim, amphibious, 8 rings, constrict 8, camouflage
1, gelatinous body 1
a: no special abilities


You were on level 4 of the Dungeon.
You visited 1 branch of the dungeon, and saw 3 of its levels.

You collected 79 gold pieces.

Inventory:

Hand Weapons
 a - a +2 dagger (weapon)
Missiles
 b - 6 poisoned darts (quivered)
 c - 2 curare-tipped darts
 d - 74 stones
 g - 25 sling bullets
 o - 20 arrows
Magical Staves
 p - an uncursed staff of fire {unknown}
Jewellery
 f - a ring of see invisible (left tentacle)
 q - an uncursed amulet of guardian spirit {unknown}
Scrolls
 e - 4 scrolls of teleportation {unknown}
 h - 2 scrolls of identify {unknown}
 i - a scroll of amnesia {unknown}
 j - 2 scrolls of fog {unknown}
 k - 3 scrolls of remove curse {unknown}
Potions
 l - a potion of magic {unknown}
 m - a potion of might {unknown}
 n - 3 potions of curing {unknown}


   Skills:
 + Level 2.1 Fighting
 + Level 2.3 Short Blades
 + Level 2.4 Throwing
 + Level 1.0 Dodging
 + Level 6.3 Stealth


You had 2 spell levels left.
You didn't know any spells.
Your spell library was empty.

Dungeon Overview and Level Annotations

Branches:
Dungeon (2/15)

Altars:

Shops:
D:4 ?


Innate Abilities, Weirdness & Mutations

You cannot wear most types of armour.
You are very stealthy in the water. (Stealth+)
You are amphibious.
You can wear up to eight rings at the same time.
You can use your tentacles to constrict eight enemies at once.
Your skin changes colour to match your surroundings (Stealth+).
Your rubbery body absorbs attacks. (AC +1, EV +1)


Message History

You hit the frilled lizard.
You kill the frilled lizard!
The scorpion barely misses you.
You see here a frilled lizard corpse.
A hound and an orc come into view.
The hound barks!
The orc shouts!
You hear a shout! x2
The orc wizard gestures at you while chanting.
You are confused.
The scorpion stings you!
* * * LOW HITPOINT WARNING * * *
You are lethally poisoned!
The scorpion poisons you!
The orc wizard hits you with a +0 dagger.
* * * LOW HITPOINT WARNING * * *
* * * LOW HITPOINT WARNING * * *
You feel sick. The scorpion closely misses you.
You bump into the rock wall.
* * * LOW HITPOINT WARNING * * *
You feel sick. The hound bites you.
You die...

#.# #.#.#.#######..# #.#
#.#.#.# .# #.# #.#.#.# #
.###.###########.#.#.##
......†o.So...#.......##
####o########...........
#.# ###.o.o...#.
#.###########oh......
#.........Sos@.)..###
###############.### .#
.. ##


You could see a scorpion, a hound, an orc wizard, 3 orcs and a ball python.

Vanquished Creatures
  An adder (D:2)
  A worm (D:2)
  A dart slug (D:1)
  5 bats
  A giant cockroach (D:1)
  A goblin (D:1)
  3 hobgoblins
  A jackal (D:4)
  6 kobolds (D:1)
  A frilled lizard (D:4)
  4 rats (D:1)
25 creatures vanquished.

Notes
Turn   | Place    | Note
-------+----------+-------------------------------------------
     0 | D:1      | Gauvater the Octopode Brigand began the quest for the Orb.
     0 | D:1      | Reached XP level 1. HP: 14/14 MP: 1/1
    87 | D:1      | Reached XP level 2. HP: 19/19 MP: 2/2
   842 | D:2      | Reached skill level 6 in Stealth
   848 | D:2      | Reached XP level 3. HP: 24/24 MP: 3/3
  1096 | D:2      | You fall into a shaft and drop 2 floors!
  1128 | D:4      | Noticed an ogre
  1191 | D:4      | Noticed a scorpion
  1204 | D:4      | Found Zahar's Magic Scroll Boutique.
  1283 | D:4      | HP: 1/24 [poisoned by a scorpion]
  1283 | D:4      | Slain by a hound

Illustrated notes

Levels and vault maps discovered:
D:1:      saegor_arrival_simple_b, layout_rooms, minmay_pentomino_s2
D:2:      layout_basic, uniq_crazy_yiuf_cottage, uniq_robin
D:4:      layout_loops_ring, minmay_temple_entry_poolview, serial_shops, shop

Skill      XL: |  1  2 |
---------------+-------+-----
Stealth        | 6 |  6.3
Fighting       | |  2.1
Short Blades   | |  2.3
Throwing       | |  2.4
Dodging        | |  1.0

Action                   || total
-------------------------++-------
Melee: Dagger            ||    46
       Constrict         ||    10
       Tentacles         ||     1
Throw: Dart              ||     6
 Stab: Sleeping          ||     7
       Distracted        ||     1
Dodge: Dodged            ||    33
